 Dungeon Crawl Stone Soup version 0.22.1-1-ga44c0e5 (webtiles) character file.

67 Heatsaber the Magician (level 4, -3/21 HPs)
             Began as a Vine Stalker Wizard on Sept 25, 2018.
             Slain by Sigmund
             ... wielding a +0 scythe
              (7 damage)
             ... on level 2 of the Dungeon.
             The game lasted 00:14:53 (1642 turns).

Heatsaber the Magician (Vine Stalker Wizard)        Turns: 1642, Time: 00:14:54

Health: -3/21      AC:  6    Str: 10    XL:     4   Next: 18%
Magic:  0/11       EV: 10    Int: 19    God:
Gold:   46         SH:  0    Dex: 12    Spells: 4/12 levels left

rFire    . . .     SeeInvis .   e - +0 short sword
rCold    . . .     Gourm    .   (no shield)
rNeg     + . .     Faith    .   h - +0 ring mail
rPois    .         Spirit   +   b - +0 hat
rElec    .         Reflect  .   f - +0 cloak
rCorr    .         Harm     .   (no gloves)
MR       .....                  (no boots)
Stlth    +.........             (no amulet)
HPRegen  0.47/turn              g - ring of positive energy
MPRegen  0.12/turn              (no ring)

@: very slightly contaminated, invisible
A: fangs 2, regeneration 1, magic shield, antimagic bite, no potion heal 3, rot
immunity
a: no special abilities


You were on level 2 of the Dungeon.
You were not hungry.

You visited 1 branch of the dungeon, and saw 2 of its levels.

You collected 46 gold pieces.

Inventory:

Hand Weapons
 e - a +0 short sword (weapon)
Armour
 a - a +0 robe
 b - a +0 hat (worn)
 f - a +0 cloak (worn)
 h - a +0 ring mail (worn)
Jewellery
 g - a ring of positive energy (left hand)
Scrolls
 c - 2 scrolls of remove curse
 i - a scroll of enchant weapon {unknown}
 j - a scroll of immolation {unknown}
 k - a scroll of fog
Potions
 o - a potion of agility {unknown}
Comestibles
 d - 2 rations
 n - 3 chunks of flesh


   Skills:
 + Level 1.0 Short Blades
 + Level 0.9 Armour
 - Level 1.5 Dodging
 - Level 2.4 Stealth
 + Level 4.6 Spellcasting
 - Level 1.0 Conjurations
 - Level 1.0 Summonings
 - Level 1.0 Translocations


You had 4 spell levels left.
You knew the following spells:

 Your Spells              Type           Power        Failure   Level  Hunger
a - Magic Dart            Conj           #...         22%         1    None
b - Blink                 Tloc           N/A          32%         2    #......
c - Call Imp              Summ           #.......     32%         2    #......
d - Mephitic Cloud        Conj/Pois/Air  #.......     65%         3    ###....

Your spell library contained the following spells:

 Spells                   Type           Power        Failure   Level  Hunger
 Slow                     Hex            #.......     45%         2    #......
 Conjure Flame            Conj/Fire      #.......     63%         3    ###....


Dungeon Overview and Level Annotations

Branches:
Dungeon (2/15)

Altars:

Annotations:
D:2 Sigmund


Innate Abilities, Weirdness & Mutations

You have extremely sharp teeth.
Your natural rate of healing is unusually fast.
When hurt, damage is shared between your health and your magic reserves.
Your bite disrupts and absorbs the magic of your enemies.
Potions cannot restore your health.
You are immune to rotting.


Message History

The frilled lizard is engulfed in noxious fumes.
The frilled lizard appears confused.
You kill the frilled lizard!
Something hits you but does no damage.
You hit something. Something hits you.
You hit something but do no damage. Your bite misses something.
Something hits you!
Ouch! That really hurt!
* * * LOW HITPOINT WARNING * * *
You fade into invisibility!
You barely miss something. You bite something. You drain its magic.
You feel invigorated. Something hits you.
* * * LOW HITPOINT WARNING * * *
You barely miss something. Your bite misses something. Something hits you.
* * * LOW HITPOINT WARNING * * *
You hit something but do no damage. You bite something.
Something hits you but does no damage.
You miss something. You barely miss something. Something hits you!
You die...

# ..... ..#... #_#..###
#..#....<# #........######
######### #### #.#...........#
#.......# #... ..........((..#
#.......#####...
###......÷...†###.[......>....<.
###.........!.){@.....)..#####...
...............###.......# ####
...............###.......#
#..........>....##.......#
.............###########..#
.............# ##.#
..........#..## .#
..............##### .#
...).......#......##


There were no monsters in sight!

Vanquished Creatures
  Terence (D:2)
  2 dart slugs (D:1)
  2 leopard geckos
  A giant cockroach (D:2)
  4 goblins (D:1)
  3 hobgoblins
  2 jackals (D:1)
  A quokka (D:2)
  3 bats
  6 frilled lizards
  4 kobolds (D:1)
  5 rats
34 creatures vanquished.

Vanquished Creatures (collateral kills)
  An adder (D:2)
  2 jackals (D:1)
  A kobold (D:2)
  A rat (D:1)
5 creatures vanquished.

Grand Total: 39 creatures vanquished

Notes
Turn   | Place    | Note
-------+----------+-------------------------------------------
     0 | D:1      | Heatsaber the Vine Stalker Wizard began the quest for the
                  | Orb.
     0 | D:1      | Reached XP level 1. HP: 9/9 MP: 5/5
   179 | D:1      | Reached XP level 2. HP: 6/13 MP: 4/7
   187 | D:1      | Learned a level 2 spell: Blink
   190 | D:1      | Learned a level 2 spell: Call Imp
   332 | D:1      | Reached skill level 4 in Spellcasting
   870 | D:1      | Reached XP level 3. HP: 14/16 MP: 9/9
   875 | D:1      | Learned a level 3 spell: Mephitic Cloud
  1217 | D:2      | Found a faded altar of an unknown god.
  1220 | D:2      | Noticed Terence
  1403 | D:2      | Killed Terence
  1452 | D:2      | Gained mutation: Your natural rate of healing is unusually
                  | fast. [Vine Stalker growth]
  1452 | D:2      | Reached XP level 4. HP: 4/21 MP: 1/11
  1493 | D:2      | Reached skill level 1 in Short Blades
  1609 | D:2      | Noticed Sigmund
  1642 | D:2      | Slain by Sigmund

Skill      XL: |  1  2  3  4 |
---------------+-------------+-----
Spellcasting   | 4 |  4.6
Short Blades   | 1 |  1.0
Armour         | |  0.9
Dodging        | |  1.5
Stealth        | |  2.4
Conjurations   | |  1.0
Summonings     | |  1.0
Translocations | |  1.0

Action                   |  1- 3 |  4- 6 || total
-------------------------+-------+-------++-------
Melee: Short sword       |   101 |    17 ||   118
       Bite              |    18 |     3 ||    21
       Unarmed           |     3 |       ||     3
 Cast: Magic Dart        |     9 |     5 ||    14
       Call Imp          |     9 |     1 ||    10
       Blink             |     3 |       ||     3
       Mephitic Cloud    |     1 |     1 ||     2
  Use: Potion            |     1 |     1 ||     2
       Scroll            |       |     4 ||     4
 Stab: Confused          |     2 |       ||     2
  Eat: Chunk             |     2 |     1 ||     3
Armor: Ring mail         |    52 |     9 ||    61
       Robe              |     1 |       ||     1
Dodge: Dodged            |    60 |     9 ||    69
